 Dungeon Crawl Stone Soup version 0.31.0-11-ge490571c62 (webtiles) character file.

Game seed: 12776544899568099555

67 protoss039 the Digger (level 4, 32/32 HPs)
             Began as a Demonspawn Earth Elementalist on Jan 28, 2024.
             Got out of the dungeon alive.
             The game lasted 00:02:26 (1561 turns).

protoss039 the Digger (DsEE)                        Turns: 1561, Time: 00:02:26

Health: 32/32      AC:  7    Str:  8    XL:     4   Next: 0%
Magic:  7/7        EV: 12    Int: 17    God:
Gold:   99         SH:  4    Dex: 14    Spells: 4/8 levels left

rFire   . . .        h - +1 dagger (protect)
rCold   . . .        e - +0 buckler
rNeg    . . .        c - +0 leather armour
rPois   .            (helmet restricted)
rElec   .            (no cloak)
rCorr   .            (no gloves)
SInv    .            (no boots)
Will    .....        (no amulet)
Stlth   ++           f - +4 ring of protection
HPRegen 0.25/turn    (no ring)
MPRegen 0.10/turn

%: no passive effects
@: no status effects
A: horns 1, repulsion field 1, spiny 1
a: no special abilities


You escaped.
You visited 1 branch of the dungeon, and saw 3 of its levels.

You collected 99 gold pieces.

Inventory:

Hand Weapons
 h - a +1 dagger of protection (weapon)
Armour
 c - a +0 leather armour (worn)
 e - a +0 buckler (worn)
 m - a +0 ring mail
Jewellery
 f - a +4 ring of protection (left hand)
Scrolls
 a - 2 scrolls of identify {unknown}
 g - 3 scrolls of teleportation {unknown}
 i - a scroll of poison {unknown}
 j - a scroll of fear {unknown}
Potions
 b - 2 potions of heal wounds {unknown}
 d - a potion of lignification {unknown}
 k - a potion of enlightenment {unknown}
 l - a potion of degeneration {unknown}
 n - 2 potions of curing {unknown}


   Skills:
 + Level 1.5 Fighting
 - Level 1.7 Dodging
 - Level 1.7 Stealth
 * Level 1.6 Shields
 + Level 2.5 Spellcasting
 - Level 1.0 Conjurations
 + Level 3.1 Earth Magic


You had 4 spell levels left.
You knew the following spells:

 Your Spells              Type           Power      Damage    Failure   Level
a - Sandblast             Erth           24%        2d8       12%         1
b - Passwall              Erth           12%        N/A       34%         3

Your spell library contained the following spells:

 Spells                   Type           Power      Damage    Failure   Level
 Stone Arrow              Conj/Erth      18%        3d8       47%         3
 Brom's Barrelling Bould  Conj/Erth      9%         2d3       87%         4
 Petrify                  Alch/Erth      7%         N/A       91%         4


Dungeon Overview and Level Annotations

Branches:
Dungeon (3/15)

Altars:


Innate Abilities, Weirdness & Mutations

You have a pair of small horns on your head.
You are surrounded by a mild repulsion field. (EV +2)
You are partially covered in sharp spines.


Message History

Aiming: Sandblast (safe; 12% risk of failure)
Press: ? - help, Shift-Dir - straight line, f/p - gnoll
Aim: a gnoll, wielding a +0 club (heavily wounded, 84% to hit)
The blast of sand hits the gnoll.
The gnoll is severely wounded.
The gnoll closely misses you.
Unknown command.
Casting: Sandblast (safe; 12% risk of failure)
Confirm with . or Enter, or press ? or * to list all spells.
Aiming: Sandblast (safe; 12% risk of failure)
Press: ? - help, Shift-Dir - straight line, f/p - gnoll
Aim: a gnoll, wielding a +0 club (severely wounded, 84% to hit)
You miscast Sandblast.
You are very lightly contaminated with residual magic.
Nothing appears to happen.
The gnoll misses you.
Unknown command.
You barely miss the gnoll. You headbutt the gnoll.
The gnoll is almost dead.
The gnoll closely misses you.
Casting: Sandblast (safe; 12% risk of failure)
Confirm with . or Enter, or press ? or * to list all spells.
Aiming: Sandblast (safe; 12% risk of failure)
Press: ? - help, Shift-Dir - straight line, f/p - gnoll
Aim: a gnoll, wielding a +0 club (almost dead, 84% to hit)
The blast of sand hits the gnoll.
You kill the gnoll!
You have reached level 4!
You feel agile.
Your demonic ancestry asserts itself...
Sharp spines emerge from parts of your body.
Things that are here:
a +0 club; a gnoll corpse Unknown command.
There is a stone staircase leading down here.
Your magical contamination has completely faded away.
There is a stone staircase leading up here.
You climb upwards.
There is a stone staircase leading down here.
Magic restored.
There is a staircase leading out of the dungeon here.
You have escaped!

#..#.####.###.......# #..
##..................#####
##.#................#...
#.#.........#.####.#.##
#.#.....♣...#..# ###.#.
#.#....8....##.#####.#.
#.#..........#.....'.8.
#.#............##..####
#.#...@.....##.##......
#.#.........##.........
#.####..######......##.
#.##......## #>.....#..
#.#........###.........
#...........##.[....#..
##...........^.........
#..........#####......
#...........######....


There were no monsters in sight!

Vanquished Creatures
  A gnoll (D:2)
  3 adders (D:2)
  A dart slug (D:2)
  A giant cockroach (D:2)
  A goblin (D:1)
  3 hobgoblins (D:1)
  2 ball pythons
  10 bats (D:3)
  2 frilled lizards
  5 kobolds
  4 rats
33 creatures vanquished.

Notes
Turn   | Place    | Note
-------+----------+-------------------------------------------
     0 | D:1      | protoss039 the Demonspawn Earth Elementalist began the
                  | quest for the Orb.
     0 | D:1      | Reached XP level 1. HP: 13/13 MP: 3/3
   172 | D:1      | Found a faded altar of an unknown god.
   317 | D:1      | Gained mutation: You have a pair of small horns on your
                  | head. [demonic ancestry]
   317 | D:1      | Reached XP level 2. HP: 14/20 MP: 3/5
   778 | D:2      | Reached skill level 1 in Fighting
   788 | D:2      | Reached skill level 3 in Earth Magic
   964 | D:2      | Reached skill level 1 in Shields
  1153 | D:2      | Gained mutation: You are surrounded by a mild repulsion
                  | field. (EV +2) [demonic ancestry]
  1153 | D:2      | Reached XP level 3. HP: 26/26 MP: 3/6
  1295 | D:2      | Learned a level 3 spell: Passwall
  1487 | D:2      | Gained mutation: You are partially covered in sharp spines.
                  | [demonic ancestry]
  1487 | D:2      | Reached XP level 4. HP: 32/32 MP: 2/7
  1561 | D:$      | Got out of the dungeon alive.

Illustrated notes

Levels and vault maps discovered:
D:1:      wander_arrival_peaceful_grave, layout_rooms,
          shapermc_ecumenical_altar_ellora
D:2:      layout_basic
D:3:      layout_basic, roderic_batcave, minmay_ruptured

Skill      XL: |  1  2 |
---------------+-------+-----
Fighting       | 1 |  1.5
Earth Magic    | 3 |  3.1
Shields        | 1 |  1.6
Dodging        | |  1.7
Stealth        | |  1.7
Spellcasting   | |  2.5
Conjurations   | |  1.0

Action                     |  1- 3 |  4- 6 || total
---------------------------+-------+-------++-------
  Melee: Unarmed           |     4 |       ||     4
         Dagger            |    61 |       ||    61
         Punch             |     1 |       ||     1
         Headbutt          |    12 |       ||    12
   Cast: Sandblast         |    32 |       ||    32
    Use: Potion            |     1 |       ||     1
   Stab: Sleeping          |     1 |       ||     1
 Armour: Robe              |     4 |       ||     4
         Leather armour    |    91 |       ||    91
  Dodge: Dodged            |    90 |       ||    90
  Block: Buckler           |    25 |       ||    25
